 Dungeon Crawl Stone Soup version 0.26-a0-540-g8a0c9464d7 (webtiles) character file.

Game seed: 4905031933700648725

234228 Errates the Earth Mage (level 19, -11/120 HPs)
             Began as a Gargoyle Earth Elementalist on Aug 15, 2020.
             Was the Champion of Vehumet.
             Killed from afar by a deep elf high priest (12 damage)
             ... with damnation
             ... on level 3 of the Elven Halls.
             The game lasted 01:35:28 (37519 turns).

Errates the Earth Mage (GrEE)                      Turns: 37519, Time: 01:35:29

Health: -11/120    AC: 34    Str: 16    XL:     19   Next: 98%
Magic:  35/35      EV: 19    Int: 28    God:    Vehumet [******]
Gold:   2682       SH:  0    Dex: 15    Spells: 4/42 levels left

rFire    . . .     SeeInvis +   A - +10 mace of the Grave {vorpal, rC+}
rCold    + . .     Faith    .   (no shield)
rNeg     + . .     Spirit   .   V - +4 troll leather armour {Snorg}
rPois    ∞         Reflect  .   l - +0 mask of the Dragon {MR+ Slay+3 SInv}
rElec    +         Harm     .   C - +2 cloak
rCorr    .         Clarity  +   y - +1 pair of gloves
MR       +++..                  t - +2 pair of boots of Lilacs {rElec}
Stlth    ++........             o - amulet of magic regeneration
HPRegen  0.70/turn              h - +6 ring of intelligence
MPRegen  0.49/turn              z - ring "Uplaown" {rElec MR+ AC+4 Dex+3 SInv}

@: brilliant, about to teleport, corroded, stab, flying, very slightly
contaminated, hasted, very quick
A: big wings, molten scales 1, thin skeletal structure 1, clarity, negative
energy resistance 1, electricity resistance, strong 1, unbreathing,
petrification resistance, rot immunity, AC +14
a: Stop Flying, Renounce Religion


You were on level 3 of the Elven Halls.
You worshipped Vehumet.
Vehumet was exalted by your worship.
You visited 7 branches of the dungeon, and saw 33 of its levels.
You also visited: Ice Cave.

You collected 4389 gold pieces.
You spent 1707 gold pieces at shops.

Inventory:

Hand Weapons
 A - the +10 mace of the Grave (weapon) {vorpal, rC+}
   (You found it on level 5 of the Dungeon)

   It inflicts extra damage upon your enemies.
   It protects you from cold.
 M - a +0 morningstar of electrocution
Missiles
 K - 4 throwing nets (quivered)
Armour
 j - a +2 robe of cold resistance
 l - the +0 mask of the Dragon (worn) {MR+ Slay+3 SInv}
   (You bought it in a shop on level 2 of the Orcish Mines)

   It affects your accuracy and damage with ranged weapons and melee attacks
   (+3).
   It affects your resistance to hostile enchantments.
   It lets you see invisible.
 t - the +2 pair of boots of Lilacs (worn) {rElec}
   (You found it on level 2 of the Snake Pit)

   It insulates you from electricity.
 y - a +1 pair of gloves (worn)
 C - a +2 cloak (worn)
 V - a +4 troll leather armour (worn) {Snorg}
Magical Staves
 f - an uncursed staff of cold
Jewellery
 h - a +6 ring of intelligence (left hand)
 o - an amulet of magic regeneration (around neck)
 z - the ring "Uplaown" (right hand) {rElec MR+ AC+4 Dex+3 SInv}
   (You found it on level 9 of the Dungeon)

   [ring of protection]

   It affects your AC (+4).
   It affects your dexterity (+3).
   It insulates you from electricity.
   It affects your resistance to hostile enchantments.
   It lets you see invisible.
 G - an uncursed ring of protection from fire
Wands
 e - a wand of flame (32)
 g - a wand of disintegration (9)
 m - a wand of iceblast (2)
 n - a wand of enslavement (16)
 v - a wand of acid (4)
 w - a wand of random effects (57)
 x - a wand of polymorph (12)
 L - a wand of digging (25)
 T - a wand of paralysis (5)
Scrolls
 a - 3 scrolls of fear
 c - 11 scrolls of teleportation
 p - 16 scrolls of remove curse
 q - 10 scrolls of amnesia
 B - 3 scrolls of enchant weapon
 D - 2 scrolls of magic mapping
 J - 3 scrolls of fog
Potions
 b - 2 potions of magic
 d - 2 potions of brilliance
 k - 2 potions of stabbing
 r - 8 potions of lignification
 u - a potion of haste
 E - 6 potions of mutation
 I - 2 potions of berserk rage
 R - 2 potions of curing
 U - 4 potions of might
Miscellaneous
 i - a condenser vane (2/2)
 F - a tin of tremorstones (3/3)
 H - a phial of floods


   Skills:
 + Level 13.4 Fighting
 + Level 12.4 Maces & Flails
 - Level 6.0 Armour
 + Level 10.9 Dodging
 - Level 2.1 Stealth
 + Level 12.3 Spellcasting
 + Level 14.0 Conjurations
 - Level 0.7 Transmutations
 * Level 15.3 Fire Magic
 + Level 15.5 Earth Magic
 - Level 6.0 Evocations


You had 4 spell levels left.
You knew the following spells:

 Your Spells              Type           Power        Failure   Level
a - Irradiate             Conj/Tmut      ######....   1%          5
b - Stone Arrow           Conj/Erth      ######       1%          3
c - Lee's Rapid Deconstr  Erth           ########..   1%          5
d - Iron Shot             Conj/Erth      ########..   1%          6
e - Bolt of Magma         Conj/Fire/Erth ########..   1%          5
f - Starburst             Conj/Fire      #######...   1%          6
g - Ignition              Fire           ########..   12%         8

Your spell library contained the following spells:

 Spells                   Type           Power        Failure   Level
 Shatter                  Erth           ########..   80%         9
 Fire Storm               Conj/Fire      #######...   89%         9
 Chain Lightning          Conj/Air       ######....   96%         8
 Magic Dart               Conj           ####         0%          1
 Sandblast                Erth           ######       0%          1
 Freeze                   Ice            ####         1%          1
 Passwall                 Tmut/Erth      #######.     1%          2
 Conjure Flame            Conj/Fire      #######.     1%          3
 Dazzling Flash           Conj/Hex       ######       1%          3
 Ignite Poison            Fire/Tmut/Pois ######..     1%          3
 Inner Flame              Hex/Fire       ######..     1%          3
 Mephitic Cloud           Conj/Pois/Air  ######..     1%          3
 Static Discharge         Conj/Air       ######..     1%          3
 Hailstorm                Conj/Ice       ######..     1%          4
 Leda's Liquefaction      Hex/Erth       ######....   1%          4
 Petrify                  Tmut/Erth      #######.     1%          4
 Beastly Appendage        Tmut           ####..       2%          1
 Apportation              Tloc           ####..       3%          1
 Corona                   Hex            ####...      3%          1
 Sting                    Tmut/Pois      ####         3%          1
 Frozen Ramparts          Ice            ####..       3%          3
 Wereblood                Tmut           ####....     4%          2
 Blink                    Tloc           N/A          5%          2
 Call Imp                 Summ           ####....     5%          2
 Ensorcelled Hibernation  Hex/Ice        ####..       5%          2
 Poisonous Vapours        Pois/Air       ####..       5%          2
 Slow                     Hex            ####....     5%          2
 Spider Form              Tmut/Pois      ####......   10%         3
 Confusing Touch          Hex            ####....     11%         3
 Lesser Beckoning         Tloc           ####......   11%         3
 Ozocubu's Armour         Ice            ####....     11%         3
 Portal Projectile        Hex/Tloc       ####..       11%         3
 Tukima's Dance           Hex            ####....     11%         3
 Olgreb's Toxic Radiance  Pois           ####....     11%         4
 Ice Form                 Ice/Tmut       ####....     32%         4
 Cause Fear               Hex            ####......   36%         4
 Summon Ice Beast         Ice/Summ       ####....     36%         4
 Iskenderun's Battlesphe  Conj           #######.     1%          5
 Lightning Bolt           Conj/Air       ######....   1%          5
 Orb of Destruction       Conj           #######...   2%          7
 Freezing Cloud           Conj/Ice/Air   ######....   21%         6
 Spellforged Servitor     Conj/Summ      ######....   41%         7
 Blade Hands              Tmut           ####......   61%         5
 Alistair's Intoxication  Tmut/Pois      ####.....    65%         5
 Metabolic Englaciation   Hex/Ice        ####......   71%         5
 Ozocubu's Refrigeration  Ice            ####......   78%         6
 Eringya's Noxious Bog    Tmut/Pois      ####......   99%         6
 Hydra Form               Tmut           ####......   99%         6
 Invisibility             Hex            ####....     99%         6
 Simulacrum               Ice/Necr       ####......   99%         6
 Dragon Form              Tmut           ####......   100%        7
 Sublimation of Blood     Necr           Unusable     N/A         2
 Statue Form              Tmut/Erth      Unusable     N/A         6

Dungeon Overview and Level Annotations

Branches:
Dungeon (15/15) Temple (1/1) D:4 Lair (6/6) D:8 Shoals (3/4) Lair:2 Snake (3/4) Lair:3 Slime (0/5) Lair:6 Orc (2/2) D:11 Elf (3/3) Orc:2 Vaults (0/5) D:13 D:14 Depths (0/5) D:15 IceCv (visited)

Altars:
Dithmenos
Gozag
Hepliaklqana
Makhleb
Nemelex Xobeh
Okawaru
Qazlal
Ru
Sif Muna
Trog
Uskayaw
Vehumet
Wu Jian
Xom
The Shining One
Beogh
Jiyva

Shops:
D:10 *}   D:12 *   Orc:2 [(=}   Elf:3 [   Snake:2 }

Annotations:
D:6 2 transporters, Gargoyl's ghost, novice GnAK
Lair:5 2 transporters, Uras's ghost, journeyman MfSk
Shoals:1 1 runed translucent door, thethe's ghost, adept KoCj
Shoals:3 1 runed translucent door, drasked's ghost, adept SpCj
Snake:3 Mara
Elf:1 3 runed translucent doors, exclusion: obsidian statue, drasked's ghost, adept DECj
Elf:2 3 runed translucent doors


Innate Abilities, Weirdness & Mutations

You are resistant to torment.
Your stone body is resilient. (AC +14)
You are immune to poison.
Your large and strong wings let you fly indefinitely.
You resist negative energy. (rN+)
You are resistant to electric shocks. (rElec)
You can survive without breathing.
You are immune to petrification.
You are immune to rotting.
You are partially covered in molten scales. (AC +2)
You have a somewhat thin skeletal structure. (Dex +2, Stealth)
You possess an exceptional clarity of mind.
Your muscles are strong. (Str +2)


Message History

A deep elf sorcerer comes into view. It is wielding a +0 long sword.
The deep elf knight gestures wildly while chanting.
The deep elf knight seems to speed up.
The deep elf high priest mumbles some strange prayers to its god.
The deep elf high priest begins emitting a brilliant aura!
The deep elf sorcerer is empowered by the deep elf high priest's aura!
You feel better.
The deep elf mage casts a spell.
The deep elf mage blinks!
The deep elf sorcerer casts a spell at you.
The bolt of acid hits you!!
* * * LOW HITPOINT WARNING * * *
The acid corrodes you!
You are splashed with acid!
* * * LOW HITPOINT WARNING * * *
The deep elf mage points at you and mumbles some strange words.
The bolt of lightning misses you.
The deep elf high priest mumbles some strange prayers.
The deep elf high priest invokes the aid of its god against you.
The sphere of damnation explodes!
The damnation engulfs you!
You die...

**** ****,,****
***,,,,,,,,***
*,,,,,,,,,,,,**
,,,,,,,,,,,,,,*
+********####+* ****
,,,,,,,,,.....##* ***,,*
,,,,,,,,,.....e§###***,,,,*
,,,,,,,,,.......@.#*,,,⌠,**
,,,,,,,,,...............,*
,,⌠,,,,,,..⌠............**
,,,,,,,,,..e.e....e.....*
e#**,,,,,..##)..e......#*
ee##**,,*##)e))........#*
Y...######).))..........*
..........e.............**
..).)...)......,,,,,,,,,,*


You could see 2 deep elf sorcerers, a deep elf knight (fast, empowered), 2 deep
elf high priests and 2 deep elf magi.

Vanquished Creatures
  Bai Suzhen (Shoals:3)
  Nikola (Shoals:3)
  2 Ice Fiends (IceCv)
  Rupert (D:14)
  2 deep elf blademasters (Elf:3)
  2 krakens
  Agnes (Snake:2)
  Donald (Shoals:1)
  Ilsuiw (Shoals:3)
  Roxanne (D:15)
  8 deep elf sorcerers
  An orc warlord (Orc:2)
  A deep elf elementalist (Elf:3)
  A stone giant (Orc:2)
  A very ugly thing (D:13)
  4 deep elf annihilators
  Azrael (D:14)
  A dire elephant (D:15)
  Snorg (Lair:6)
  Josephine (D:14)
  6 deep elf death magi
  A merfolk javelineer (Shoals:2)
  4 merfolk impalers
  A deep elf high priest (Elf:3)
  Erolcha (Orc:1)
  Harold (D:8)
  5 hydras
  An ice dragon (Snake:2)
  6 naga warriors
  Erica (Lair:1)
  7 merfolk avatars
  2 anacondas
  3 merfolk aquamancers
  3 satyrs
  4 centaur warriors
  10 two-headed ogres
  13 dancing weapons
  2 tengu warriors (D:14)
  An orc high priest (Orc:1)
  3 shock serpents
  6 naga sharpshooters (Snake:1)
  20 deep elf knights
  14 spriggans (Lair:6)
  7 unseen horrors
  10 skeletal warriors
  2 swamp dragons (Lair:2)
  2 naga ritualists
  6 sea snakes
  14 deep elf archers
  68 deep elf magi
  3 mana vipers (Snake:1)
  An oklob plant (Lair:2)
  5 orc knights
  12 harpies
  27 fauns
  7 orc sorcerers
  4 ugly things
  3 salamanders (Snake:2)
  3 slime creatures (D:15)
  16 manticores
  16 elephants
  3 guardian serpents (Snake:2)
  7 cyclopes
  14 merfolk sirens
  13 black mambas
  Maurice (D:8)
  7 naga magi
  Psyche (D:12)
  5 gargoyles
  2 ice statues (IceCv)
  12 cane toads
  2 water nymphs (Shoals:2)
  2 freezing wraiths
  3 rime drakes
  12 ice devils (IceCv)
  7 komodo dragons
  3 polar bears (Lair:6)
  A troll (shapeshifter) (D:15)
  21 merfolk
  3 meliai (D:15)
  6 trolls
  8 hornets
  A wind drake (Shoals:3)
  15 hippogriffs
  3 blink frogs (Lair:2)
  10 dream sheep (Shoals:2)
  8 snapping turtles
  2 shadows
  A vampire (D:9)
  17 water elementals
  3 air elementals
  4 wyverns
  15 humans
  A human (shapeshifter) (Elf:3)
  61 yaks
  3 wraiths (D:14)
  10 fire elementals
  3 basilisks
  2 vampire mosquitoes (D:15)
  Grum (D:10)
  8 wargs
  19 nagas
  14 water moccasins
  An acid dragon (D:12)
  3 hell hounds (D:14)
  3 ice beasts
  30 orc warriors
  8 porcupines
  5 phantoms
  8 black bears
  6 sky beasts
  4 boggarts (Lair:6)
  An eye of draining (D:12)
  3 necrophages
  9 ogres
  32 wolves
  17 centaurs
  7 crocodiles
  23 bullfrogs
  2 big kobolds
  A wyvern zombie (D:4)
  3 earth elementals
  7 scorpions
  6 killer bees (D:9)
  9 wights
  A howler monkey (D:5)
  6 electric eels
  2 bullfrog zombies (D:13)
  25 orc priests
  3 centaur zombies
  8 hounds
  Crazy Yiuf (D:5)
  A centaur skeleton (D:10)
  A jelly (D:13)
  2 bullfrog skeletons
  A gnoll shaman (D:6)
  4 iguanas
  Ijyb (D:4)
  Terence (D:2)
  29 orc wizards
  12 worker ants
  A killer bee zombie (D:9)
  A hound skeleton (D:4)
  2 worker ant zombies
  3 gnolls (D:6)
  14 adders
  A shadow imp (D:10)
  9 white imps
  8 ufetubi
  An ooze (D:2)
  An adder zombie (D:5)
  An adder skeleton (D:7)
  A worm (D:2)
  4 dart slugs
  5 leopard geckos
  118 orcs
  7 giant cockroaches
  8 goblins
  9 hobgoblins
  10 jackals
  5 quokkas
  4 ball pythons
  8 bats
  7 frilled lizards
  2 jackal skeletons
  20 kobolds
  A leopard gecko zombie (D:5)
  A quokka skeleton (D:6)
  A quokka zombie (D:5)
  8 rats
  5 crawling corpses (Elf:3)
  2 plants
  3 tentacles (Shoals:2)
1245 creatures vanquished.

Vanquished Creatures (collateral kills)
  A centaur skeleton (D:14)
  2 centaurs (D:14)
3 creatures vanquished.

Vanquished Creatures (others)
  A centaur warrior (D:14)
  A deep elf knight (Elf:1)
  A black mamba (Snake:1)
  2 air elementals (Elf:1)
  2 white imps (IceCv)
  5 ufetubi (IceCv)
  8 fungi
  9 plants
  9 tentacles
38 creatures vanquished.

Grand Total: 1286 creatures vanquished

Notes
Turn   | Place    | Note
-------+----------+-------------------------------------------
     0 | D:1      | Errates the Gargoyle Earth Elementalist began the quest for
                  | the Orb.
     0 | D:1      | Reached XP level 1. HP: 10/10 MP: 3/3
   172 | D:1      | Reached XP level 2. HP: 7/15 MP: 0/5
   879 | D:1      | Reached XP level 3. HP: 13/19 MP: 6/6
   912 | D:1      | Learned a level 3 spell: Stone Arrow
  1404 | D:2      | Noticed Terence
  1417 | D:2      | Killed Terence
  1417 | D:2      | Reached skill level 1 in Conjurations
  1417 | D:2      | Reached XP level 4. HP: 19/24 MP: 8/8
  2047 | D:2      | Found an ornate altar of the Wu Jian Council.
  2112 | D:2      | Reached skill level 5 in Earth Magic
  2112 | D:2      | Reached XP level 5. HP: 26/28 MP: 9/9
  2119 | D:2      | Learned a level 5 spell: Lee's Rapid Deconstruction
  2261 | D:2      | Found a bloodstained altar of Trog.
  3121 | D:3      | Found a glowing golden altar of the Shining One.
  3470 | D:4      | Found a staircase to the Ecumenical Temple.
  3486 | Temple   | Entered the Ecumenical Temple
  3492 | Temple   | Became a worshipper of Vehumet
  3519 | D:4      | Reached XP level 6. HP: 32/32 MP: 11/11
  3541 | D:4      | Noticed Ijyb
  3577 | D:4      | Killed Ijyb
  3661 | D:4      | Found an opulent altar of Gozag.
  4132 | D:5      | Entered Level 5 of the Dungeon
  4132 | D:5      | Noticed a sky beast
  4138 | D:5      | Killed a sky beast
  4170 | D:5      | Noticed a sky beast
  4199 | D:4      | Reached XP level 7. HP: 8/36 MP: 3/13
  4749 | D:5      | Reached skill level 1 in Armour
  4754 | D:5      | Reached skill level 1 in Fighting
  4754 | D:5      | Reached skill level 1 in Maces & Flails
  4790 | D:5      | Reached XP level 8. HP: 28/43 MP: 11/15
  5482 | D:5      | Reached * piety under Vehumet
  5482 | D:5      | Offered knowledge of Shock by Vehumet.
  5779 | D:5      | Got a crude mace
  5782 | D:5      | Identified the +10 mace of the Grave {vorpal, rC+} (You
                  | found it on level 5 of the Dungeon)
  5786 | D:5      | Found a runed translucent door.
  5787 | D:5      | Noticed Crazy Yiuf
  5792 | D:5      | Killed Crazy Yiuf
  5851 | D:5      | Gained mutation: You possess an exceptional clarity of
                  | mind. [potion of mutation]
  5851 | D:5      | Gained mutation: You have a somewhat thin skeletal
                  | structure. (Dex +2, Stealth) [potion of mutation]
  5851 | D:5      | Gained mutation: You are partially covered in molten
                  | scales. (AC +2) [potion of mutation]
  5851 | D:5      | Gained mutation: Your muscles are strong. (Str +2) [potion
                  | of mutation]
  5960 | D:5      | Found a hide-covered altar of Uskayaw.
  5995 | D:5      | Reached skill level 5 in Spellcasting
  5995 | D:5      | Reached skill level 5 in Conjurations
  6169 | D:6      | Noticed Gargoyl's ghost (novice GnAK)
  6170 | D:6      | Found a transporter.
  6171 | D:6      | Found a transporter.
  6172 | D:6      | Identified the +6 great mace of Disintegration {freeze,
                  | Str+3}
  6822 | D:6      | Reached XP level 9. HP: 48/49 MP: 16/16
  7039 | D:7      | Reached ** piety under Vehumet
  7039 | D:7      | Offered knowledge of Searing Ray by Vehumet.
  7071 | D:7      | Reached skill level 1 in Evocations
  7200 | D:7      | HP: 1/50 [something (16)]
  7795 | D:8      | Noticed Harold
  7906 | D:8      | Killed Harold
  7906 | D:8      | Noticed a troll
  7907 | D:8      | Noticed a two-headed ogre
  7919 | D:8      | Reached XP level 10. HP: 36/57 MP: 5/19
  8048 | D:8      | Noticed a two-headed ogre
  8228 | D:8      | Offered knowledge of Static Discharge by Vehumet.
  8238 | D:8      | Killed a two-headed ogre
  8457 | D:8      | Noticed Maurice
  8491 | D:8      | Killed Maurice
  8584 | D:8      | Found a staircase to the Lair.
  8661 | D:8      | Killed a two-headed ogre
  8661 | D:8      | Reached skill level 5 in Fighting
  8661 | D:8      | Reached skill level 5 in Armour
  8969 | D:9      | Noticed a skeletal warrior
  8971 | D:9      | Noticed a skeletal warrior
  8976 | D:9      | Reached skill level 5 in Maces & Flails
  8977 | D:9      | Noticed a skeletal warrior
  8979 | D:9      | Killed a skeletal warrior
  8979 | D:9      | Reached XP level 11. HP: 39/64 MP: 8/21
  8986 | D:9      | Noticed a skeletal warrior
  8989 | D:9      | Killed a skeletal warrior
  8989 | D:9      | Killed a skeletal warrior
  9024 | D:9      | Reached *** piety under Vehumet
  9099 | D:9      | Noticed a skeletal warrior
  9101 | D:9      | Offered knowledge of Airstrike by Vehumet.
  9104 | D:9      | Killed a skeletal warrior
  9177 | D:9      | Found a burning altar of Makhleb.
  9208 | D:9      | Found an iron altar of Okawaru.
  9330 | D:9      | Reached skill level 5 in Dodging
  9465 | D:9      | Killed a skeletal warrior
  9471 | D:9      | Got a vibrating lapis lazuli ring
  9472 | D:9      | Identified the ring "Uplaown" {rElec MR+ AC+4 Dex+3 SInv}
                  | (You found it on level 9 of the Dungeon)
  9581 | D:9      | Learned a level 6 spell: Iron Shot
  9587 | D:9      | Learned a level 5 spell: Bolt of Magma
  9596 | D:9      | Found a burning altar of Makhleb.
  9745 | D:10     | Entered Level 10 of the Dungeon
  9813 | D:10     | Found Biphut's General Store.
  9850 | D:10     | Reached skill level 1 in Fire Magic
  9894 | D:10     | Found Zale's Gadget Boutique.
  9915 | D:10     | Reached **** piety under Vehumet
 10035 | D:10     | Offered knowledge of Fireball by Vehumet.
 10071 | D:10     | Noticed Grum
 10101 | D:10     | Killed Grum
 10417 | D:10     | Reached XP level 12. HP: 71/71 MP: 21/23
 10691 | D:11     | Reached skill level 10 in Earth Magic
 10697 | D:11     | Reached skill level 5 in Evocations
 11157 | D:11     | Reached ***** piety under Vehumet
 11157 | D:11     | Offered knowledge of Hailstorm by Vehumet.
 11560 | D:11     | Found a staircase to the Orcish Mines.
 11718 | D:11     | Identified the cursed +0 rapier "Ewkivunt" {antimagic, +Fly
                  | rC+ Dex+2}
 11922 | D:12     | Found Tociutaxe's Assorted Antiques.
 11930 | D:12     | Bought a coppery potion for 28 gold pieces
 11930 | D:12     | Bought a scroll labeled AMIV JARUFAIHAZ for 32 gold pieces
 11930 | D:12     | Bought a scroll of identify for 64 gold pieces
 11930 | D:12     | Bought a scroll labeled SALELU VIUK ROYP for 32 gold pieces
 11930 | D:12     | Bought a potion of curing for 96 gold pieces
 11956 | D:12     | Acquired 1100 gold pieces
 11985 | D:12     | Reached skill level 5 in Fire Magic
 11988 | D:12     | Noticed a two-headed ogre
 11992 | D:12     | Killed a two-headed ogre
 12441 | D:12     | Reached XP level 13. HP: 77/77 MP: 25/25
 14460 | D:14     | Found a gate to the Vaults.
 14460 | D:14     | Noticed a purple very ugly thing
 14460 | D:14     | Noticed Rupert
 14744 | D:14     | Noticed Josephine
 14753 | D:14     | Killed Josephine
 14788 | D:13     | Killed a purple very ugly thing
 15131 | D:14     | Gained mutation: Your large and strong wings let you fly
                  | indefinitely. [Gargoyle growth]
 15131 | D:14     | Reached XP level 14. HP: 84/84 MP: 26/26
 15169 | D:14     | Noticed Azrael
 15201 | D:14     | Killed Azrael
 15201 | D:14     | Reached skill level 10 in Conjurations
 15547 | D:14     | Paralysed by Rupert for 5 turns
 15898 | D:14     | Killed Rupert
 16375 | D:12     | Noticed Psyche
 16384 | D:12     | Killed Psyche
 16490 | Lair:1   | Entered Level 1 of the Lair of Beasts
 16988 | Lair:1   | Noticed Erica
 17004 | Lair:1   | Killed Erica
 17566 | Lair:2   | Found a transporter.
 17689 | Lair:2   | Reached ****** piety under Vehumet
 17880 | Lair:2   | Offered knowledge of Irradiate by Vehumet.
 17887 | Lair:2   | Learned a level 5 spell: Irradiate
 17887 | Lair:2   | Found a transporter.
 18286 | Lair:2   | Found a staircase to the Shoals.
 19041 | Lair:3   | Found a staircase to the Snake Pit.
 20269 | Lair:5   | Reached XP level 15. HP: 81/92 MP: 28/28
 20310 | Lair:5   | Found a transporter.
 20310 | Lair:5   | Noticed Uras's ghost (journeyman MfSk)
 20314 | Lair:5   | Found a transporter.
 21083 | Lair:6   | Entered Level 6 of the Lair of Beasts
 21174 | Lair:6   | Reached skill level 10 in Fire Magic
 21188 | Lair:6   | Noticed Snorg
 21213 | Lair:6   | Killed Snorg
 21549 | Lair:6   | Found a viscous altar of Jiyva.
 21551 | Lair:6   | Found a staircase to the Slime Pits.
 21569 | Lair:6   | Reached skill level 10 in Fighting
 21776 | Lair:6   | Offered knowledge of Starburst by Vehumet.
 21788 | Lair:6   | Learned a level 6 spell: Starburst
 22769 | Orc:1    | Entered Level 1 of the Orcish Mines
 23089 | Orc:2    | Entered Level 2 of the Orcish Mines
 23176 | Orc:1    | Noticed Erolcha
 23186 | Orc:1    | Killed Erolcha
 23305 | Orc:1    | Reached skill level 10 in Spellcasting
 23309 | Orc:1    | Offered knowledge of Lightning Bolt by Vehumet.
 23547 | Orc:2    | Found a roughly hewn altar of Beogh.
 23548 | Orc:2    | Found Zudd's Jewellery Boutique.
 23763 | Orc:2    | Found a staircase to the Elven Halls.
 23840 | Orc:2    | Reached XP level 16. HP: 40/98 MP: 28/30
 24371 | Orc:2    | Found Ytyun Irpha's Antique Weapon Boutique.
 24372 | Orc:2    | Found a roughly hewn altar of Beogh.
 24373 | Orc:2    | Found Ohosch's Antique Armour Shop.
 24382 | Orc:2    | Bought the +0 mask of the Dragon {MR+ Slay+3 SInv} for 868
                  | gold pieces
 24382 | Orc:2    | Found the +0 mask of the Dragon {MR+ Slay+3 SInv}
 24382 | Orc:2    | Bought a shimmering cloak for 247 gold pieces
 24404 | Orc:2    | Identified the cursed +0 cloak of Gallantry {Dex+3} (You
                  | bought it in a shop on level 2 of the Orcish Mines)
 24529 | Orc:2    | Found a roughly hewn altar of Beogh.
 24568 | Orc:2    | Found a roughly hewn altar of Beogh.
 24569 | Orc:2    | Found Deh Xyeb's Gadget Emporium.
 24750 | Orc:2    | Offered knowledge of Conjure Ball Lightning by Vehumet.
 24960 | Orc:2    | Found a roughly hewn altar of Beogh.
 25050 | Orc:2    | Found a roughly hewn altar of Beogh.
 25317 | D:15     | Entered Level 15 of the Dungeon
 25374 | D:15     | Reached skill level 10 in Maces & Flails
 25401 | D:15     | Got a steaming golden ring
 25408 | D:15     | Identified the ring of Betsapp {*Tele Int+7} (You found it
                  | on level 15 of the Dungeon)
 26056 | D:15     | Noticed Roxanne
 26061 | D:15     | Killed Roxanne
 26429 | D:15     | Found a staircase to the Depths.
 26792 | Snake:1  | Entered Level 1 of the Snake Pit
 27070 | Snake:1  | Identified the +3 flail "Xottehek" {flame, *Corrode rPois
                  | Str+9 Int+3} (You found it on level 1 of the Snake Pit)
 27910 | Snake:1  | Offered knowledge of Yara's Violent Unravelling by Vehumet.
 28176 | Snake:2  | Got a pair of faintly humming boots
 28177 | Snake:2  | Identified the +2 pair of boots of Lilacs {rElec} (You
                  | found it on level 2 of the Snake Pit)
 28190 | Snake:2  | Found a frozen archway.
 28203 | IceCv    | Entered an ice cave
 28602 | IceCv    | Reached XP level 17. HP: 86/104 MP: 22/31
 28662 | IceCv    | Noticed an Ice Fiend
 28662 | IceCv    | Noticed an Ice Fiend
 28674 | IceCv    | Killed an Ice Fiend
 28681 | IceCv    | Killed an Ice Fiend
 28744 | IceCv    | Got a jewelled demon trident
 28965 | Snake:2  | Found Zodd's Gadget Boutique.
 28980 | Snake:2  | Bought a condenser vane (2/2) for 340 gold pieces
 29067 | Snake:2  | Noticed Agnes
 29073 | Snake:2  | Killed Agnes
 30158 | Snake:3  | Noticed Mara
 30268 | Shoals:1 | Entered Level 1 of the Shoals
 30282 | Shoals:1 | Noticed Donald
 30288 | Shoals:1 | Killed Donald
 30440 | Shoals:1 | Noticed a kraken
 30455 | Shoals:1 | Killed a kraken
 31241 | Shoals:1 | Offered knowledge of Ignition by Vehumet.
 31259 | Shoals:1 | Learned a level 8 spell: Ignition
 31318 | Shoals:1 | Found a runed translucent door.
 31319 | Shoals:1 | Found a shimmering altar of Xom.
 31319 | Shoals:1 | Noticed thethe's ghost (adept KoCj)
 32107 | Shoals:2 | Reached XP level 18. HP: 107/112 MP: 26/33
 32776 | Shoals:3 | Noticed Ilsuiw
 32784 | Shoals:3 | Killed Ilsuiw
 32785 | Shoals:3 | Noticed Nikola
 32889 | Shoals:3 | Killed Nikola
 32889 | Shoals:3 | Reached skill level 10 in Dodging
 32933 | Shoals:3 | Offered knowledge of Fire Storm by Vehumet.
 32933 | Shoals:3 | Offered knowledge of Shatter by Vehumet.
 32933 | Shoals:3 | Offered knowledge of Chain Lightning by Vehumet.
 33201 | Shoals:3 | Noticed Bai Suzhen
 33230 | Shoals:3 | Killed Bai Suzhen
 33965 | Shoals:3 | Found a runed translucent door.
 33965 | Shoals:3 | Noticed drasked's ghost (adept SpCj)
 34540 | Elf:1    | Entered Level 1 of the Elven Halls
 34647 | Elf:1    | Identified Xirhot's Guide on Confrontation
 35054 | Elf:1    | Reached XP level 19. HP: 118/118 MP: 24/34
 35092 | Elf:1    | Reached skill level 15 in Earth Magic
 35424 | Elf:1    | Found a shimmering blue altar of Sif Muna.
 35555 | Elf:1    | Found a runed translucent gate.
 35555 | Elf:1    | Found a runed translucent gate.
 35555 | Elf:1    | Found a runed translucent gate.
 35556 | Elf:1    | Found an opulent altar of Gozag.
 35556 | Elf:1    | Noticed drasked's ghost (adept DECj)
 36106 | Elf:2    | Found a runed translucent gate.
 36106 | Elf:2    | Found a runed translucent gate.
 36106 | Elf:2    | Found a runed translucent gate.
 36152 | Elf:2    | Found a radiant altar of Vehumet.
 36651 | Elf:3    | Entered Level 3 of the Elven Halls
 36898 | Elf:3    | Found Acat's Antique Armour Emporium.
 37206 | Elf:3    | Reached skill level 15 in Fire Magic
 37519 | Elf:3    | HP: 1/120 [acid (14)]
 37519 | Elf:3    | Killed from afar by a deep elf high priest

Illustrated notes

Levels and vault maps discovered:
D:1:      dpeg_arrival_long_road, layout_basic, chequers_serial_rivers_room_b
D:2:      layout_rooms, nicolae_overflow_hidden_temple, marbit_many_paths,
          hangedman_feature_mirror, skrybe_limestone_x, st_stairs_6,
          grunt_ministairs_13, dk_noncrumbling_4, uniq_terence
D:3:      layout_basic, nicolae_overflow_crystal_walls
D:4:      layout_loops_ring, minmay_temple_entry_glass, grunt_gozag_statues,
          uniq_ijyb
D:5:      layout_loops_cross, kennysheep_mini, minmay_pentangle,
          uniq_crazy_yiuf_cottage
D:6:      layout_loops_corners, gammafunk_ghost_smash,
          chequers_hall_statues_wall_a, hangedman_abyss_or_decor_passed,
          grunt_ministairs_15
D:7:      layout_basic
D:8:      layout_rooms, erik_lair_island, uniq_harold, uniq_maurice
D:9:      minmay_the_grid_triangle_9x9_recursive_2
          [minmay_the_grid_triangle_9x9_prize_insulated,
          minmay_the_grid_triangle_9x9_shrine,
          minmay_the_grid_triangle_9x9_steps,
          minmay_the_grid_triangle_9x9_limited_checkers], layout_cross,
          lemuel_round_altar, overflow_temple_1_default, grunt_ministairs_7
D:10:     layout_basic, serial_shops, nicolae_shop_trees,
          kennysheep_windowed_goal, uniq_grum
D:11:     layout_basic, david_orc_1_choice
D:12:     layout_basic, serial_shops, shop, corexii_corridor_pit, uniq_psyche
D:13:     layout_loops_ring
D:14:     layout_basic, david_vaults_3, corner_web_ring, uniq_josephine,
          uniq_azrael
D:15:     hangedman_depths_entry_try_elsewhere_first, layout_basic,
          due_unseen_surprise, uniq_roxanne
Temple:   eino_temple_rhombus
Lair:1:   layout_small_grid, serial_bayou_lagoon_a, grunt_megastairs_1,
          uniq_erica
Lair:2:   gammafunk_cloud_chamber, layout_loops_ring, elwin_shoals_entry_stream,
          serial_rivers, chequers_serial_rivers_small_3,
          chequers_serial_rivers_small_3, chequers_serial_rivers_micro_a,
          chequers_serial_rivers_micro_e, serial_bayou_shore_b,
          minmay_lair_oklob_chamber
Lair:3:   layout_loops_ring, minmay_snake_entry_guardpost_small,
          beast_lair_carwin_6
Lair:4:   layout_roguey, cheibrodos_lair_caveside_slide, lemuel_old_faithful
Lair:5:   layout_roguey, gammafunk_ghost_arena, grunt_megastairs_4
Lair:6:   minmay_lair_end_enchanted_forest, layout_misc_corridors,
          slime_altar_1, lemuel_fruit_tree, uniq_snorg
Shoals:1: layout_shoals, ebering_ghost_xom, abandoned_shop, uniq_donald
Shoals:2: layout_shoals, nicolae_shoals_loop_pool
Shoals:3: layout_shoals, ebering_ghost_inner_flame, uniq_nikola, uniq_ilsuiw,
          uniq_bai_suzhen
Snake:1:  layout_grid_maze, serial_bayou_ford_a
Snake:2:  layout_onion_interference, portal_ice_cave_entry_dragon, serial_shops,
          shop_fountains, uniq_agnes
Snake:3:  layout_cave_town, uniq_mara, uniq_aizul
Orc:1:    layout_caves, elves_outpost_lemuel, uniq_erolcha
Orc:2:    grunt_orc_community_town_hall, layout_diamond_mine,
          grunt_orc_community_big_house_1, grunt_orc_community_big_house_1,
          grunt_orc_community_house_3, grunt_orc_community_house_1,
          grunt_orc_community_house_3, grunt_orc_community_house_3,
          grunt_orc_community_house_3, grunt_orc_community_house_2
Elf:1:    eino_elf_arrival_the_gate, layout_gridlike, ebering_ghost_gozag,
          minmay_elf_annihilation, nrook_loot_triangle, lemuel_blue_sif_altar,
          grunt_megastairs_3
Elf:2:    layout_geoelf_diagonals, basic_altar
Elf:3:    minmay_elf_hall_spiked, layout_geoelf_octagon, serial_shops, shop,
          grunt_ministairs_8

Skill      XL: |  1  2  3  4  5  6  7  8  9 10 11 12 13 14 15 16 17 18 19 |
---------------+----------------------------------------------------------+-----
Earth Magic    | 4 5 6 7 8 9 10 11 12 13 14 15 | 15.5
Spellcasting   | 3 4 5 6 7 8 9 10 11 12 | 12.3
Conjurations   | 1 2 3 4 5 6 7 8 9 10 11 12 13 14 | 14.0
Armour         | 1 3 4 5 6 |  6.0
Fighting       | 1 2 4 5 6 7 8 9 10 11 12 13 | 13.4
Maces & Flails | 1 2 3 5 6 7 8 9 10 11 12 | 12.4
Dodging        | 2 3 4 5 6 7 8 9 10 | 10.9
Evocations     | 2 3 4 5 6 |  6.0
Fire Magic     | 2 5 7 9 11 12 13 14 15 | 15.3
Stealth        | |  2.1
Transmutations | |  0.7

Action                   |  1- 3 |  4- 6 |  7- 9 | 10-12 | 13-15 | 16-18 | 19-21 || total
-------------------------+-------+-------+-------+-------+-------+-------+-------++-------
Melee: Unarmed           |    11 |    30 |       |       |       |       |       ||    41
       Short sword       |    26 |   124 |   170 |       |       |       |       ||   320
       Mace              |    38 |       |   123 |   507 |  1394 |  1053 |   245 ||  3360
       Dagger            |    18 |    68 |       |       |       |       |       ||    86
 Cast: Sandblast         |    17 |     8 |    18 |    22 |    10 |     1 |       ||    76
       Stone Arrow       |       |     1 |       |    17 |     4 |     5 |       ||    27
       Lee's Rapid Decon |       |       |     6 |    38 |    43 |    50 |    21 ||   158
       Iron Shot         |       |       |       |     6 |    15 |    56 |    11 ||    88
       Bolt of Magma     |       |       |       |       |    16 |    22 |       ||    38
       Irradiate         |       |       |       |       |    11 |    44 |       ||    55
       Starburst         |       |       |       |       |     7 |     1 |       ||     8
       Ignition          |       |       |       |       |       |    25 |    14 ||    39
 Abil: Fly               |       |       |       |       |     1 |       |       ||     1
Evoke: Wand              |       |       |     3 |     3 |     4 |     7 |       ||    17
       Tin of tremorston |       |       |       |     4 |     3 |     2 |       ||     9
       Phial of floods   |       |       |       |       |     1 |       |       ||     1
       Condenser vane    |       |       |       |       |       |     1 |       ||     1
  Use: Scroll            |       |     8 |    11 |    10 |    11 |    13 |     5 ||    58
       Potion            |       |       |     8 |     6 |     3 |     9 |     7 ||    33
 Stab: Sleeping          |     2 |     3 |    13 |     8 |    12 |     3 |     1 ||    42
       Distracted        |       |       |       |     2 |     1 |     1 |       ||     4
Armor: Robe              |    33 |    86 |   143 |     4 |       |       |       ||   266
       Skin              |       |    13 |       |       |       |       |       ||    13
       Troll leather arm |       |       |       |   317 |   868 |   662 |   112 ||  1959
Dodge: Dodged            |    84 |   187 |   212 |   419 |  1305 |  1055 |   173 ||  3435

Table legend: (Time is in decaauts)
 A = Elapsed time spent in this place.
 B = Non-inter-level travel time spent in this place.
 C = Inter-level travel time spent in this place.
 D = Time resting spent in this place.
 E = Time spent auto-exploring this place.
 F = Levels seen in this place.
 G = Mean time per level.
                   A        B        C        D        E       F      G
               +--------+--------+--------+--------+--------+-----+--------+
         Total |  37430 |  35204 |   2226 |   5782 |  20230 |  34 | 1100.9 |
       Dungeon |  18342 |  17166 |   1176 |   3143 |   9697 |  15 | 1222.8 |
        Temple |     12 |      6 |      6 |      0 |      0 |   1 |   12.0 |
          Lair |   6450 |   5981 |    469 |    414 |   4063 |   6 | 1075.0 |
        Shoals |   3861 |   3711 |    150 |    686 |   2064 |   3 | 1287.0 |
     Snake Pit |   2697 |   2497 |    200 |    415 |   1484 |   3 |  899.0 |
  Orcish Mines |   2549 |   2446 |    103 |    628 |   1051 |   2 | 1274.5 |
   Elven Halls |   2804 |   2685 |    119 |    238 |   1684 |   3 |  934.7 |
      Ice Cave |    712 |    712 |      0 |    258 |    187 |   1 |  712.0 |
               +--------+--------+--------+--------+--------+-----+--------+

Top non-repeatable levels by time:
   Orc:2: 1705 daAuts
     D:5: 1636 daAuts
    D:14: 1627 daAuts
    D:12: 1542 daAuts
    D:11: 1490 daAuts
    D:13: 1413 daAuts
     D:1: 1383 daAuts
Shoals:1: 1370 daAuts
 Snake:2: 1359 daAuts
 Snake:1: 1333 daAuts
  Lair:6: 1332 daAuts
  Lair:2: 1286 daAuts
Shoals:2: 1258 daAuts
    D:15: 1257 daAuts
Shoals:3: 1232 daAuts
